 Dungeon Crawl Stone Soup version 0.20-a0-309-gcba9277 (webtiles) character file.

956 Grangar the Thaumaturge (level 7, -7/38 HPs)
             Began as a Deep Elf Conjurer on Nov 28, 2016.
             Shot with an arrow by a centaur (13 damage)
             ... on level 5 of the Dungeon on Dec 18, 2016.
             The game lasted 00:11:29 (4378 turns).

Grangar the Thaumaturge (Deep Elf Conjurer)         Turns: 4378, Time: 00:11:30

Health: -7/38      AC:  5    Str:  5    XL:     7   Next: 91%
Magic:  13/20      EV: 13    Int: 22    God:
Gold:   258        SH:  0    Dex: 13    Spells: 12/22 levels left

rFire  + . .     SeeInvis .     s - +0 dagger (venom)
rCold  + . .     Gourm    .     u - +2 robe {rC+ rF+}
rNeg   . . .     Faith    .     (no shield)
rPois  .         Spirit   .     (no helmet)
rElec  .         Reflect  .     (no cloak)
rCorr  .         Harm     .     (no gloves)
MR     .....                    p - +0 pair of boots
Stlth  ++++......               (no amulet)
                                w - -2 ring of dexterity (curse)
                                t - ring of stealth

@: no status effects
A: no striking features
a: no special abilities


You were on level 5 of the Dungeon.
You were very hungry.

You visited 1 branch of the dungeon, and saw 5 of its levels.

You collected 258 gold pieces.

Inventory:

Hand Weapons
 s - a +0 dagger of venom (weapon)
Armour
 p - a +0 pair of boots (worn)
 u - a +2 robe of resistance (worn)
Jewellery
 t - a ring of stealth (left hand)
 w - a cursed -2 ring of dexterity (right hand)
 y - a +5 ring of evasion {unknown}
Wands
 f - a wand of paralysis (19/24)
 o - a wand of slowing (16/48)
 v - a wand of lightning (11/15)
Scrolls
 e - a scroll of immolation {unknown}
 g - 2 scrolls of enchant armour
 j - 2 scrolls of recharging {unknown}
 k - a scroll of teleportation
 m - 2 scrolls of amnesia {unknown}
 n - 3 scrolls of identify
 q - 2 scrolls of remove curse {unknown}
 r - 2 scrolls of random uselessness
 z - a scroll of holy word {unknown}
 B - a scroll of fear {unknown}
 F - a scroll of enchant weapon {unknown}
Potions
 a - 2 potions of invisibility {unknown}
 d - a potion of lignification {unknown}
 i - 2 potions of berserk rage {unknown}
 l - 2 potions of curing {unknown}
 E - a potion of magic {unknown}
 G - a potion of might {unknown}
Books
 b - a book of Conjurations

   Spells                             Type                      Level
   a - Magic Dart                     Conjuration                  1
   b - Searing Ray                    Conjuration                  2
   c - Dazzling Spray                 Conjuration/Hexes            3
   d - Fulminant Prism                Conjuration/Hexes            4
   e - Iskenderun's Mystic Blast      Conjuration                  4
   f - Iskenderun's Battlesphere      Conjuration/Charms           5
 D - a book of Misfortune

   Spells                             Type                      Level
   a - Confusing Touch                Hexes                        1
   b - Confuse                        Hexes                        3
   c - Gell's Gravitas                Hexes/Translocation          3
   d - Petrify                        Transmutation/Earth          4
   e - Metabolic Englaciation         Hexes/Ice                    5
   f - Yara's Violent Unravelling     Hexes/Transmutation          5
Comestibles
 c - 3 bread rations
 h - 2 meat rations
 x - 8 fruits
 C - a slice of pizza


   Skills:
 + Level 1.2 Fighting
 + Level 3.4 Dodging
 + Level 4.1 Stealth
 + Level 8.2 Spellcasting
 + Level 7.7 Conjurations
 + Level 0.6 Hexes


You had 12 spell levels left.
You knew the following spells:

 Your Spells              Type           Power        Failure   Level  Hunger
a - Magic Dart            Conj           ####         1%          1    None
b - Searing Ray           Conj           #####.       1%          2    None
c - Dazzling Spray        Conj/Hex       ####..       4%          3    None
d - Iskenderun's Mystic   Conj           #####...     3%          4    ###....


Dungeon Overview and Level Annotations

Branches:
Dungeon (5/15)
 Temple: D:4-7

Altars:
Cheibriados
Gozag
Makhleb


Message History

The centaur shoots an arrow.
The arrow closely misses you.
The searing ray misses the centaur.
The centaur shoots an arrow.
The arrow hits you.
The centaur shoots an arrow.
The arrow hits you!
* * * LOW HITPOINT WARNING * * *
The searing ray hits the centaur.
The centaur is severely wounded.
Casting: Searing Ray
Confirm with . or Enter, or press ? or * to list all spells.
Aiming: Magic Dart
Press: ? - help, Shift-Dir - straight line, f/p - centaur
Aim: a centaur, wielding a shortbow (severely wounded)
Okay, then.
Casting: Magic Dart
Confirm with . or Enter, or press ? or * to list all spells.
Aiming: Searing Ray
Press: ? - help, Shift-Dir - straight line, f/p - centaur
Aim: a centaur, wielding a shortbow (severely wounded)
The searing ray misses the centaur.
The centaur shoots an arrow.
The arrow hits you!
You die...

# ########### #
#........<# #
#.###...#.########### #
#.##..........@.....#
###.###...#.##.##.###.#
.........##.##.##c# #.#
###.####.##.##.##.###.#
....# #.##.##.# .>##.#
###.####+##.##.# #.##)#
..#.........##.###.##.#
#.#.##.....###........#
....#.......######.####


You could see a centaur.

Vanquished Creatures
  Sigmund (D:4)
  An ice beast (D:5)
  2 ogres
  A bullfrog (D:4)
  An orc priest (D:5)
  2 centaur skeletons (D:5)
  An iguana (D:4)
  2 worker ants
  3 orc wizards
  4 gnolls
  11 adders
  A shadow imp (D:5)
  An ooze (D:3)
  3 worms (D:3)
  A dart slug (D:3)
  4 leopard geckos
  17 orcs
  5 giant cockroaches
  5 hobgoblins
  2 jackals (D:2)
  3 quokkas
  2 ball pythons (D:1)
  8 bats
  8 frilled lizards
  4 goblins
  6 kobolds
  8 rats
107 creatures vanquished.

Notes
Turn   | Place    | Note
-------+----------+-------------------------------------------
     0 | D:1      | Grangar the Deep Elf Conjurer began the quest for the Orb.
     0 | D:1      | Reached XP level 1. HP: 10/10 MP: 6/6
    33 | D:1      | Upgraded the game from 0.20-a0-217-g17e8ceb to 0.20-a0-309-gcba9277
    94 | D:1      | Reached XP level 2. HP: 15/15 MP: 0/8
   102 | D:1      | Learned a level 2 spell: Searing Ray
   302 | D:1      | Reached skill level 5 in Conjurations
   479 | D:1      | Reached XP level 3. HP: 19/19 MP: 4/9
   683 | D:2      | Found an opulent altar of Gozag.
   995 | D:2      | Reached XP level 4. HP: 24/24 MP: 6/11
  1351 | D:3      | Reached skill level 4 in Spellcasting
  1394 | D:3      | Found a snail-covered altar of Cheibriados.
  1502 | D:3      | Learned a level 3 spell: Dazzling Spray
  1507 | D:3      | Learned a level 4 spell: Iskenderun's Mystic Blast
  1866 | D:3      | Reached XP level 5. HP: 17/28 MP: 3/13
  2113 | D:3      | Reached skill level 5 in Spellcasting
  2522 | D:4      | Reached XP level 6. HP: 19/33 MP: 8/16
  2614 | D:4      | Reached skill level 1 in Fighting
  2614 | D:4      | Reached skill level 6 in Spellcasting
  3139 | D:4      | Noticed Sigmund
  3145 | D:4      | Killed Sigmund
  3145 | D:4      | Reached XP level 7. HP: 38/38 MP: 10/19
  3239 | D:4      | Reached skill level 7 in Spellcasting
  3400 | D:4      | Found a burning altar of Makhleb.
  3653 | D:5      | Entered Level 5 of the Dungeon
  4324 | D:5      | Reached skill level 8 in Spellcasting
  4378 | D:5      | Shot with an arrow by a centaur

Vault maps used:
D:1:      eino_arrival_tree_alley, minmay_tromino_v4_c
D:2:      nicolae_gozag_seed_capital
D:3:      lemuel_doored_altar
D:4:      lemuel_coloured_pillars_altar, st_stairs_13, guppyfry_early_lair_pool,
          uniq_sigmund
D:5:      first_bread, minmay_misc_feat_alley

Skill      XL: |  1  2  3  4  5  6  7 |
---------------+----------------------+-----
Stealth        | 3 4 |  4.1
Conjurations   | 5 6 7 |  7.7
Spellcasting   | 4 5 6 8 |  8.2
Dodging        | 3 |  3.4
Fighting       | 1 |  1.2
Hexes          | |  0.6

Action                   |  1- 3 |  4- 6 |  7- 9 || total
-------------------------+-------+-------+-------++-------
Melee: Dagger            |       |       |     3 ||     3
 Cast: Magic Dart        |    51 |    99 |    45 ||   195
       Searing Ray       |     1 |    11 |     9 ||    21
       Dazzling Spray    |       |     4 |     2 ||     6
       Iskenderun's Myst |       |       |     1 ||     1
  Use: Scroll            |       |     3 |       ||     3
  Eat: Chunk             |       |     2 |     3 ||     5
       Bread ration      |       |     1 |       ||     1
Armor: Robe              |       |     4 |     5 ||     9
Dodge: Dodged            |     3 |    34 |    13 ||    50
